 Dungeon Crawl Stone Soup version 0.19.0-1-g5985abe (webtiles) character file.

23 varaam the Cudgeler (level 3, 19/23 HPs)
             Began as a Gargoyle Fighter on Nov 2, 2016.
             Quit the game on level 1 of the Dungeon.
             The game lasted 00:01:34 (374 turns).

varaam the Cudgeler (Gargoyle Fighter)               Turns: 374, Time: 00:01:34

Health: 19/23      AC: 10    Str: 19    XL:     3   Next: 0%
Magic:  3/3        EV:  7    Int:  8    God:
Gold:   5          SH:  9    Dex: 10    Spells: 0 memorised, 2 levels left

rFire  . . .     SeeInvis .     a - +0 flail
rCold  . . .     Gourm    .     b - +0 scale mail
rNeg   + . .     Faith    .     c - +0 shield
rPois  ∞         Spirit   .     (no helmet)
rElec  +         Reflect  .     (no cloak)
rCorr  .         Harm     .     (no gloves)
MR     .....                    (no boots)
Stlth  ..........               (no amulet)
                                (no ring)
                                (no ring)

@: no status effects
A: negative energy resistance 1, electricity resistance, unbreathing,
petrification resistance, rot immunity, AC +3
a: no special abilities


You were on level 1 of the Dungeon.
You were not hungry.

You visited 1 branch of the dungeon, and saw 1 of its levels.

You collected 5 gold pieces.

Inventory:

Hand Weapons
 a - a +0 flail (weapon)
Armour
 b - a +0 scale mail (worn)
 c - a +0 shield (worn)
Scrolls
 e - a scroll of enchant weapon {unknown}
 h - a scroll of identify {unknown}
Potions
 d - a potion of might
Comestibles
 f - a bread ration
 g - 6 chunks of flesh


   Skills:
 - Level 3.2 Fighting
 + Level 3.3 Maces & Flails
 - Level 3.2 Armour
 - Level 3.2 Shields


You had 2 spell levels left.
You didn't know any spells.

Dungeon Overview and Level Annotations

Branches:
Dungeon (1/15)

Altars:


Innate Abilities, Weirdness & Mutations

You are resistant to torment.
Your stone body is resilient. (AC +3)
You are immune to poison.
You resist negative energy. (rN+)
You are resistant to electric shocks. (rElec)
You can survive without breathing.
You are immune to petrification.
You are immune to rotting.


Message History

The gnoll hits you with a flail. The goblin hits you with a dagger.
Some of the chunks of flesh in your inventory have rotted away.
You closely miss the gnoll. The gnoll barely misses you.
You block the goblin's attack.
You see here 15 gold pieces.
Your shield and scale mail prevent you from hitting the goblin.
The goblin completely misses you.
You hit the goblin but do no damage. You block the goblin's attack.
You closely miss the goblin. The goblin barely misses you.
The goblin hits you but does no damage.
You barely miss the goblin. The goblin hits you but does no damage.
You closely miss the goblin. You block the goblin's attack.
You barely miss the goblin.
The goblin hits you but does no damage. x2
You thump the goblin!
You kill the goblin!
You have reached level 3!
Your experience leads to an increase in your attributes!
Increase (S)trength, (I)ntelligence, or (D)exterity?
You feel agile.
Are you sure you want to abandon this character and quit the game? (Confirm with "yes".)

####. ######.##. #...#...#.
#.>.#...#. ### #...##'###
....###'###.... ... ###
............... ....
#.######.....<.....##
.....#####..g@..#############.
............#.......# #......
...........##.......# #...###
#....#.....##..[...## ##...#
#...#>#....†#.....#####....###
#....#........†....#..........
#....................###.....#
##........................##.#
##.#.................###.##.#


You could see a gnoll.

Vanquished Creatures
  An ooze (D:1)
  A dart slug (D:1)
  A leopard gecko (D:1)
  A giant cockroach (D:1)
  A hobgoblin (D:1)
  4 bats (D:1)
  A frilled lizard (D:1)
  4 goblins (D:1)
  A rat (D:1)
15 creatures vanquished.

Notes
Turn   | Place    | Note
-------+----------+-------------------------------------------
     0 | D:1      | varaam the Gargoyle Fighter began the quest for the Orb.
     0 | D:1      | Reached XP level 1. HP: 14/14 MP: 1/1
   200 | D:1      | Reached XP level 2. HP: 19/19 MP: 2/2
   227 | D:1      | Reached skill level 3 in Maces & Flails
   373 | D:1      | Reached XP level 3. HP: 18/23 MP: 3/3
   374 | D:1      | Quit the game

Skill      XL: |  1  2 |
---------------+-------+-----
Maces & Flails | 3 |  3.3
Fighting       | |  3.2
Armour         | |  3.2
Shields        | |  3.2

Action                   || total
-------------------------++-------
Melee: Flail             ||    62
Armor: Scale mail        ||    32
Dodge: Dodged            ||    16
Block: Shield            ||    34
